 Dungeon Crawl Stone Soup version 0.24-a0-365-ga4d96b6e6e (webtiles) character file.

Game seed: 17978574428869880195

209 theanonym the Insei (level 5, 0/39 HPs)
             Began as an Octopode Transmuter on May 27, 2019.
             Slain by a killer bee (4 damage)
             ... on level 4 of the Dungeon.
             The game lasted 00:07:36 (4560 turns).

theanonym the Insei (Octopode Transmuter)           Turns: 4560, Time: 00:07:36

Health: 0/39       AC:  6    Str:  9    XL:     5   Next: 87%
Magic:  4/8        EV: 10    Int: 22    God:
Gold:   150        SH:  0    Dex: 12    Spells: 3/8 levels left

rFire    x . .     SeeInvis .     - Unarmed
rCold    + + +     Gourm    .   (shield currently unavailable)
rNeg     . . .     Faith    .   (helmet currently unavailable)
rPois    +         Spirit   .   (no amulet)
rElec    .         Reflect  .   (no ring)
rCorr    .         Harm     .   (no ring)
MR       .....                  (no ring)
Stlth    ++........             (no ring)
HPRegen  0.13/turn              (no ring)
MPRegen  0.11/turn              (no ring)
                                (no ring)
                                (no ring)

@: brilliant, lethally poisoned (0 -> -7), ice-form
A: large, almost no armour, stealthy swim, amphibious, 8 rings, (constrict 8)
a: End Transformation


Innate Abilities, Weirdness & Mutations

You cannot wear most types of armour.
You are very stealthy in the water. (Stealth+)
You are amphibious.
You can wear up to eight rings at the same time.
((You can use your tentacles to constrict eight enemies at once.))
((Your skin changes colour to match your surroundings (Stealth+).))
((Your rubbery body absorbs attacks. (AC +1, EV +1)))


   Skills:
 - Level 1.0 Fighting
 - Level 2.0 Dodging
 + Level 3.0 Stealth
 * Level 5.2 Unarmed Combat
 - Level 2.0 Spellcasting
 + Level 3.0 Transmutations
 + Level 1.0 Ice Magic


You had 3 spell levels left.
You knew the following spells:

 Your Spells              Type           Power        Failure   Level  Hunger
a - Beastly Appendage     Tmut           ####..       1%          1    #......
b - Ice Form              Ice/Tmut       ###.....     7%          4    #####..

Your spell library contained the following spells:

 Spells                   Type           Power        Failure   Level  Hunger
 Confusing Touch          Hex            ###...       1%          1    #......
 Shock                    Conj/Air       ###.         1%          1    #......
 Sticks to Snakes         Tmut           ####....     1%          2    ##.....
 Swiftness                Chrm/Air       ###.....     2%          2    ##.....
 Spider Form              Tmut/Pois      ###.......   2%          3    ###....
 Confuse                  Hex            ###.....     4%          3    ###....
 Gell's Gravitas          Tloc           ###.......   4%          3    ###....
 Static Discharge         Conj/Air       ###.....     4%          3    ###....
 Petrify                  Tmut/Erth      ###.....     9%          4    #####..
 Blade Hands              Tmut           ####......   12%         5    ######.
 Airstrike                Air            ###.......   14%         4    #####..
 Yara's Violent Unravell  Hex/Tmut       ###.......   21%         5    ######.
 Metabolic Englaciation   Hex/Ice        ###.......   30%         5    ######.
 Lightning Bolt           Conj/Air       ###.......   34%         5    ######.

Skill      XL: |  1  2  3  4  5 |
---------------+----------------+-----
Unarmed Combat | 4 5 |  5.2
Stealth        | 1 2 3 |  3.0
Transmutations | 3 |  3.0
Ice Magic      | 1 |  1.0
Fighting       | |  1.0
Dodging        | |  2.0
Spellcasting   | |  2.0

Action                   |  1- 3 |  4- 6 || total
-------------------------+-------+-------++-------
Melee: Unarmed           |    85 |    85 ||   170
       Constrict         |    27 |    24 ||    51
       Tentacles         |    11 |    12 ||    23
       Punch             |     1 |     2 ||     3
       Kick              |     6 |     7 ||    13
 Cast: Beastly Appendage |     6 |     8 ||    14
       Ice Form          |       |     1 ||     1
  Use: Scroll            |       |     6 ||     6
       Potion            |       |     6 ||     6
 Stab: Sleeping          |     2 |     8 ||    10
  Eat: Chunk             |     4 |     8 ||    12
Armor: Skin              |     7 |     8 ||    15
Dodge: Dodged            |    51 |    62 ||   113
Block: Large shield      |     3 |     9 ||    12

Inventory:

Missiles
 a - 88 arrows
Armour
 l - a -1 large shield
Wands
 d - a wand of digging (4)
Scrolls
 f - a scroll of fog
 g - a scroll of immolation
 n - a scroll of remove curse
Potions
 b - a potion of degeneration
 j - a potion of magic
 m - a potion of brilliance
Comestibles
 e - 4 rations
 i - 2 chunks of flesh


You were on level 4 of the Dungeon.
You were not hungry.
You were a creature of crystalline ice.
You visited 1 branch of the dungeon, and saw 4 of its levels.

You collected 150 gold pieces.

Dungeon Overview and Level Annotations

Branches:
Dungeon (4/15)             Temple (0/1) D:4

Altars:

..................>#
#.#
....#############..#
#.# ....# ##....
###.############
#...... #.......<....#
#......
#########....###.......
.............##.....
############.##....Z ..
#Y##... #####.#y##..#
.......yh#..#
#####.#.)#..###.h%
#.#..y...y.y.. #
#.####.⌠y.y. #.. .)...
#.. #... #.. ⌠.


You could see a hound and 3 killer bees.

Notes
Turn   | Place    | Note
-------+----------+-------------------------------------------
     0 | D:1      | theanonym the Octopode Transmuter began the quest for the
                  | Orb.
     0 | D:1      | Reached XP level 1. HP: 13/13 MP: 3/3
   316 | D:1      | Reached XP level 2. HP: 18/18 MP: 5/5
   700 | D:1      | HP: 8/18 [kobold (3)]
   964 | D:1      | HP: 8/18 [frilled lizard (3)]
  1506 | D:2      | Reached skill level 4 in Unarmed Combat
  1561 | D:2      | HP: 9/18 [poisoned by an adder]
  1563 | D:2      | Reached XP level 3. HP: 12/23 MP: 4/6
  1569 | D:2      | HP: 8/23 [poisoned by an adder]
  2037 | D:2      | Reached skill level 1 in Stealth
  2056 | D:2      | HP: 10/23 [adder (4)]
  2313 | D:2      | HP: 11/23 [adder (3)]
  2315 | D:2      | Reached XP level 4. HP: 13/28 MP: 5/7
  2319 | D:2      | HP: 11/28 [poisoned by an adder]
  2326 | D:2      | HP: 10/28 [poisoned by an adder]
  2334 | D:2      | HP: 8/28 [poisoned by an adder]
  2644 | D:3      | Found a faded altar of an unknown god.
  2903 | D:2      | HP: 12/28 [adder (4)]
  2908 | D:2      | HP: 6/28 [poisoned by an adder]
  2915 | D:2      | HP: 4/28 [poisoned by an adder]
  2923 | D:2      | HP: 2/28 [poisoned by an adder]
  2986 | D:2      | HP: 6/28 [orc wizard/+0 dagger (2)]
  2991 | D:2      | Reached skill level 2 in Stealth
  3084 | D:2      | HP: 11/28 [orc/+0 club (3)]
  3369 | D:2      | Reached XP level 5. HP: 27/33 MP: 8/8
  3415 | D:2      | theanonym: ??optm
  3415 | D:2      | beem: I don't have a page labeled optm in my learndb.
  3415 | D:2      | theanonym: ??tm
  3415 | D:2      | beem: transmuter[1/2]: Transmuters can cause strange
                  | changes in themselves, others, and things. Starts with the
                  | {Book of Changes} and some skill in unarmed combat and
                  | {transmutations}.
  3415 | D:2      | theanonym: ??tm[2
  3415 | D:2      | beem: transmuter[2/2]: http://i.imgur.com/niZYV1z.png
  3420 | D:2      | Learned a level 4 spell: Ice Form
  4269 | D:3      | Reached skill level 5 in Unarmed Combat
  4542 | D:4      | Found a staircase to the Ecumenical Temple.
  4551 | D:4      | HP: 11/33 [killer bee (8)]
  4552 | D:4      | HP: 2/33 [killer bee (5)]
  4557 | D:4      | HP: 8/39 [poisoned by a killer bee]
  4558 | D:4      | Reached skill level 3 in Stealth
  4558 | D:4      | Reached skill level 3 in Transmutations
  4558 | D:4      | Reached skill level 1 in Ice Magic
  4560 | D:4      | Slain by a killer bee

Vanquished Creatures
  A killer bee (D:4)
  An orc wizard (D:2)
  6 adders
  An ooze (D:3)
  A worm (D:2)
  2 dart slugs
  7 orcs
  A giant cockroach (D:2)
  6 goblins
  13 hobgoblins
  5 kobolds
  2 quokkas (D:3)
  A ball python (D:3)
  8 bats
  2 frilled lizards
  13 rats
70 creatures vanquished.

Table legend:
 A = Turns spent in this place as a percentage of turns spent in the entire game.
 B = Non-inter-level travel turns spent in this place as a percentage of non-inter-level travel turns spent in the entire game.
 C = Inter-level travel turns spent in this place as a percentage of turns spent in this place.
 D = Turns resting spent in this place as a percentage of non-inter-level travel turns spent in this place.
 E = Turns spent auto-exploring this place as a percentage of non-inter-level travel turns spent in this place.
 F = Non-inter-level travel turns spent in this place divided by the number of levels of this place that you've seen.
                   A       B       C       D       E      F
               +-------+-------+-------+-------+-------+----------------------
         Total | 100.0 | 100.0 |   3.3 |  45.8 |  42.4 | 1102.8
       Dungeon | 100.0 | 100.0 |   3.3 |  45.8 |  42.4 | 1102.8
               +-------+-------+-------+-------+-------+----------------------
